 Dungeon Crawl Stone Soup version 0.20.1-1-g8b1a95d (webtiles) character file.

858 KoningWillie the Carver (level 7, -2/61 HPs)
             Began as a Minotaur Fighter on Sept 22, 2017.
             Was a Follower of Trog.
             Slain by an orc warrior
             ... wielding a +0 trident
              (15 damage)
             ... on level 7 of the Dungeon.
             The game lasted 00:07:46 (5476 turns).

KoningWillie the Carver (Minotaur Fighter)          Turns: 5476, Time: 00:07:48

Health: -2/61      AC: 14    Str: 22    XL:     7   Next: 71%
Magic:  6/6        EV:  4    Int:  5    God:    Trog [*.....]
Gold:   377        SH:  9    Dex: 10    Spells: 6/6 levels left

rFire    . . .     SeeInvis .   a - +1 long sword
rCold    . . .     Gourm    .   c - +0 shield
rNeg     . . .     Faith    .   l - +1 plate armour
rPois    .         Spirit   .   (helmet restricted)
rElec    .         Reflect  .   (no cloak)
rCorr    .         Harm     .   (no gloves)
MR       .....                  (no boots)
Stlth    ..........             (no amulet)
Regen    0.2/turn               (no ring)
MPRegen  0.1/turn               (no ring)

@: no status effects
A: retaliatory headbutt, horns 2
a: Berserk, Burn Spellbooks, Renounce Religion


You were on level 7 of the Dungeon.
You worshipped Trog.
Trog was aware of your devotion.
You were hungry.

You visited 1 branch of the dungeon, and saw 7 of its levels.

You collected 377 gold pieces.

Inventory:

Hand Weapons
 a - a +1 long sword (weapon)
Armour
 b - a +0 scale mail
 c - a +0 shield (worn)
 l - a +1 plate armour (worn)
Wands
 f - a wand of random effects (48/48)
 w - a wand of iceblast (7/15)
Scrolls
 e - 2 scrolls of enchant weapon
 g - a scroll of identify
 i - 3 scrolls of remove curse
 p - a scroll of teleportation
 s - 3 scrolls of noise
 u - a scroll of recharging
Potions
 d - 2 potions of might
 h - 2 potions of berserk rage
 j - a potion of resistance
 k - 2 potions of mutation
 m - 2 potions of heal wounds
 n - a potion of ambrosia {unknown}
 o - a potion of agility
 q - a potion of magic
 r - a potion of degeneration {unknown}
 t - a potion of lignification {unknown}
 v - a potion of cancellation {unknown}


   Skills:
 + Level 5.2 Fighting
 + Level 8.1 Long Blades
 + Level 6.6 Armour
 - Level 0.4 Dodging
 - Level 3.9 Shields


You had 6 spell levels left.
You didn't know any spells.

Dungeon Overview and Level Annotations

Branches:
Dungeon (7/15)             Temple (0/1) D:5

Altars:
Gozag
Kikubaaqudgha
Okawaru
Ru
Trog
Xom

Annotations:
D:4 Eustachio
D:5 Dowan, Duvessa


Innate Abilities, Weirdness & Mutations

You reflexively headbutt those who attack you in melee.
You have a pair of horns on your head.


Message History

You barely miss the orc warrior. Your headbutt misses the orc warrior.
The orc warrior is heavily wounded.
You block the orc warrior's attack.
The orc warrior hits you but does no damage.
You barely miss the orc warrior. You headbutt the orc warrior.
The orc warrior is heavily wounded.
The orc wizard mumbles some strange words.
The orc wizard blinks!
The orc warrior hits you with a trident.
A wight comes into view. It is wielding an enchanted long sword.
You closely miss the orc warrior. Your headbutt misses the orc warrior.
The orc warrior is heavily wounded.
You closely miss the orc warrior.
The orc warrior is heavily wounded.
The orc warrior barely misses you.
The orc priest calls down the wrath of Beogh upon you.
Beogh smites you!
* * * LOW HITPOINT WARNING * * *
The orc warrior hits you with a trident!
You die...

. .. ... ....
##### z....
#...##5o.z..
#..@o{ro...
#.####o)... #.#
... #.#### #
#....# ####.#
#.## #..#####....
##..#............


You could see an orc warrior, 2 wights, an orc priest, 2 orc wizards, a quasit
and a quokka.

Vanquished Creatures
  An ogre (D:7)
  A scorpion (D:6)
  A howler monkey (D:6)
  A jelly (D:7)
  3 orc priests (D:6)
  A bullfrog skeleton (D:6)
  2 hounds
  4 orc wizards
  An iguana (D:6)
  7 worker ants
  A worker ant zombie (D:7)
  7 adders
  A shadow imp (D:6)
  An ooze (D:3)
  An adder zombie (D:6)
  An adder skeleton (D:5)
  5 worms
  A dart slug (D:2)
  4 leopard geckos
  13 orcs
  3 bats
  A giant cockroach (D:2)
  3 goblins
  7 hobgoblins
  4 jackals (D:6)
  5 frilled lizards
  6 kobolds
  6 rats
92 creatures vanquished.

Notes
Turn   | Place    | Note
-------+----------+-------------------------------------------
     0 | D:1      | KoningWillie the Minotaur Fighter began the quest for the Orb.
     0 | D:1      | Reached XP level 1. HP: 19/19 MP: 0/0
   503 | D:1      | Reached XP level 2. HP: 26/27 MP: 1/1
  1064 | D:2      | Found an iron altar of Okawaru.
  1138 | D:2      | Reached skill level 3 in Long Blades
  1138 | D:2      | Reached XP level 3. HP: 33/33 MP: 2/2
  1555 | D:3      | Noticed a moth of wrath
  1932 | D:3      | Reached XP level 4. HP: 37/40 MP: 3/3
  1939 | D:3      | Found a bloodstained altar of Trog.
  1974 | D:3      | Reached skill level 4 in Long Blades
  1978 | D:3      | Became a worshipper of Trog the Wrathful
  2349 | D:4      | Reached XP level 5. HP: 46/46 MP: 4/4
  2512 | D:4      | Reached skill level 5 in Long Blades
  2512 | D:4      | Reached skill level 5 in Armour
  2559 | D:4      | Found a sacrificial altar of Ru.
  2836 | D:4      | Noticed Eustachio
  2851 | D:5      | Entered Level 5 of the Dungeon
  2960 | D:5      | Found a shimmering altar of Xom.
  3248 | D:5      | Reached XP level 6. HP: 53/53 MP: 5/5
  3516 | D:5      | Found a staircase to the Ecumenical Temple.
  3768 | D:5      | Reached skill level 6 in Long Blades
  3941 | D:5      | Noticed Duvessa
  3941 | D:5      | Noticed Dowan
  4152 | D:6      | Found an ancient bone altar of Kikubaaqudgha.
  4299 | D:6      | Reached skill level 5 in Fighting
  4299 | D:6      | Reached XP level 7. HP: 26/61 MP: 6/6
  4575 | D:6      | Reached skill level 7 in Long Blades
  4685 | D:6      | Found an opulent altar of Gozag.
  4779 | D:6      | Reached * piety under Trog
  5387 | D:7      | Reached skill level 8 in Long Blades
  5476 | D:7      | Slain by an orc warrior

Skill      XL: |  1  2  3  4  5  6  7 |
---------------+----------------------+-----
Fighting       | 4 5 |  5.2
Long Blades    | 3 4 5 6 8 |  8.1
Armour         | 4 5 6 |  6.6
Dodging        | |  0.4
Shields        | |  3.9

Action                   |  1- 3 |  4- 6 |  7- 9 || total
-------------------------+-------+-------+-------++-------
Melee: Long sword        |    90 |   114 |    86 ||   290
       Headbutt          |    14 |    25 |    22 ||    61
  Use: Scroll            |     4 |     8 |     4 ||    16
 Stab: Paralysed         |       |     1 |       ||     1
  Eat: Bread ration      |     1 |     1 |       ||     2
       Chunk             |       |     2 |     1 ||     3
       Royal jelly       |       |       |     1 ||     1
Armor: Scale mail        |    20 |       |       ||    20
       Plate armour      |    25 |    70 |    25 ||   120
Dodge: Dodged            |    13 |    18 |    12 ||    43
Block: Shield            |    44 |    62 |    37 ||   143
       Rpst.: Long sword |     3 |     5 |     3 ||    11
